 Dungeon Crawl Stone Soup version 0.23.2 (webtiles) character file.

Game seed: 15992077201039507889

653 Kairos the Spear-Bearer (level 7, -2/53 HPs)
             Began as a Merfolk Gladiator on Apr 2, 2019.
             Slain by Prince Ribbit (11 damage)
             ... on level 5 of the Dungeon.
             The game lasted 00:09:41 (3907 turns).

Kairos the Spear-Bearer (Merfolk Gladiator)         Turns: 3907, Time: 00:09:42

Health: -2/53      AC:  9    Str: 17    XL:     7   Next: 54%
Magic:  7/7        EV: 14    Int:  7    God:
Gold:   294        SH:  0    Dex: 15    Spells: 6/6 levels left

rFire    . . .     SeeInvis .   a - +1 trident
rCold    . . .     Gourm    .   (no shield)
rNeg     . . .     Faith    .   n - +0 ring mail
rPois    .         Spirit   .   c - +0 helmet
rElec    .         Reflect  .   (no cloak)
rCorr    .         Harm     .   (no gloves)
MR       +....                  (no boots)
Stlth    +.........             (no amulet)
HPRegen  0.17/turn              h - +3 ring of protection
MPRegen  0.10/turn              m - ring of protection from magic

@: no status effects
A: change form in water, swift swim, stealthy swim
a: no special abilities


You were on level 5 of the Dungeon.
You were not hungry.

You visited 1 branch of the dungeon, and saw 5 of its levels.
You also visited: Sewer.

You collected 294 gold pieces.

Inventory:

Hand Weapons
 a - a +1 trident (weapon)
Missiles
 d - 3 throwing nets (quivered)
Armour
 b - a +0 leather armour
 c - a +0 helmet (worn)
 n - a +0 ring mail (worn)
Magical Staves
 r - an uncursed staff of wizardry
Jewellery
 h - a +3 ring of protection (left hand)
 m - a ring of protection from magic (right hand)
Scrolls
 g - a scroll of amnesia
 i - a scroll of fear
 j - 3 scrolls of teleportation
 l - 4 scrolls of identify
 o - 3 scrolls of remove curse
 s - a scroll of noise {unknown}
Potions
 e - 2 potions of cancellation
 k - 2 potions of might {unknown}
 q - 2 potions of brilliance
Comestibles
 f - 5 rations


   Skills:
 + Level 3.8 Fighting
 + Level 9.1 Polearms
 + Level 2.0 Throwing
 + Level 2.0 Armour
 + Level 5.7 Dodging
 - Level 1.9 Stealth


You had 6 spell levels left.
You didn't know any spells.
Your spell library was empty.

Dungeon Overview and Level Annotations

Branches:
Dungeon (5/15)
 Temple: D:4-7

Altars:
Dithmenos

Annotations:
D:1 4 exclusions
D:5 Prince Ribbit


Message History

You puncture Prince Ribbit!
Prince Ribbit is moderately wounded.
Prince Ribbit hits you!
* * * LOW HITPOINT WARNING * * *
You are too injured to fight recklessly!
You are too injured to fight recklessly!
You are too injured to fight recklessly!
You hit Prince Ribbit.
Prince Ribbit is moderately wounded.
Prince Ribbit closely misses you.
You barely miss Prince Ribbit.
Prince Ribbit is moderately wounded.
Prince Ribbit hits you!
* * * LOW HITPOINT WARNING * * *
Prince Ribbit blinks!
Things that are here:
a +0 dagger; an orc corpse
There is a stone staircase leading up here.
Prince Ribbit hits you!
You die...

.....##..#..#
............#
............#
............#
............#
...........#
...........#
#@# #F# #.#
#.# #.# #.#
#.# #.# #+#


You could see Prince Ribbit.

Vanquished Creatures
  An ogre (D:4)
  2 bullfrogs (Sewer)
  2 hounds (D:4)
  An orc wizard (D:4)
  2 iguanas (D:4)
  2 worker ants (D:4)
  A hound skeleton (D:4)
  4 gnolls
  9 adders
  A river rat (D:4)
  An ooze (D:3)
  5 worms
  A dart slug (D:1)
  8 leopard geckos
  6 orcs
  A ball python (Sewer)
  9 giant cockroaches
  8 goblins
  6 hobgoblins
  2 quokkas
  9 bats
  12 frilled lizards
  6 kobolds
  3 rats (D:3)
102 creatures vanquished.

Notes
Turn   | Place    | Note
-------+----------+-------------------------------------------
     0 | D:1      | Kairos the Merfolk Gladiator began the quest for the Orb.
     0 | D:1      | Reached XP level 1. HP: 16/16 MP: 1/1
   290 | D:1      | Reached XP level 2. HP: 22/22 MP: 2/2
   710 | D:1      | Reached skill level 5 in Polearms
  1055 | D:2      | Reached XP level 3. HP: 18/27 MP: 3/3
  1104 | D:2      | Reached skill level 1 in Stealth
  1125 | D:2      | Reached skill level 6 in Polearms
  1259 | D:2      | Reached XP level 4. HP: 34/34 MP: 4/4
  2435 | D:3      | Reached XP level 5. HP: 28/39 MP: 5/5
  2959 | D:4      | Found a shadowy altar of Dithmenos.
  3008 | D:4      | Reached skill level 5 in Dodging
  3031 | D:4      | Reached skill level 7 in Polearms
  3031 | D:4      | Reached skill level 1 in Armour
  3158 | D:4      | Noticed an ogre
  3172 | D:4      | Reached XP level 6. HP: 41/46 MP: 6/6
  3232 | D:4      | Found a glowing drain.
  3277 | Sewer    | Entered a sewer
  3399 | Sewer    | Reached skill level 8 in Polearms
  3399 | Sewer    | Reached XP level 7. HP: 52/52 MP: 7/7
  3680 | D:4      | Reached skill level 9 in Polearms
  3884 | D:5      | Entered Level 5 of the Dungeon
  3884 | D:5      | Noticed Prince Ribbit
  3907 | D:5      | Slain by Prince Ribbit

Skill      XL: |  1  2  3  4  5  6  7 |
---------------+----------------------+-----
Polearms       | 5 6 7 8 9 |  9.1
Stealth        | 1 |  1.9
Dodging        | 5 |  5.7
Armour         | 1 2 |  2.0
Fighting       | 3 |  3.8
Throwing       | |  2.0

Action                   |  1- 3 |  4- 6 |  7- 9 || total
-------------------------+-------+-------+-------++-------
Melee: Trident           |    90 |   261 |    67 ||   418
       Tailslap          |       |     7 |     5 ||    12
  Use: Scroll            |     2 |     4 |       ||     6
       Potion            |       |     4 |       ||     4
 Stab: Sleeping          |     1 |     2 |     1 ||     4
       Distracted        |     1 |       |       ||     1
  Eat: Chunk             |       |     4 |     2 ||     6
       Ration            |       |     1 |       ||     1
Armor: Leather armour    |    14 |       |       ||    14
       Ring mail         |       |    73 |     8 ||    81
Dodge: Dodged            |    58 |   157 |    32 ||   247
